 Dungeon Crawl Stone Soup version 0.22.0-13-g43fe8f2 (webtiles) character file.

3367 mopl the Scholar of Death (level 9, 0/57 HPs)
             Began as a Demonspawn Necromancer on Aug 16, 2018.
             Was a Follower of Kikubaaqudgha.
             Slain by Grum
             ... wielding a -1 spear
              (11 damage)
             ... on level 8 of the Dungeon.
             The game lasted 00:17:01 (6272 turns).

mopl the Scholar of Death (Demonspawn Necromancer)  Turns: 6272, Time: 00:17:02

Health: 0/57       AC: 10    Str:  8    XL:     9   Next: 73%
Magic:  7/19       EV: 12    Int: 17    God:    Kikubaaqudgha [*.....]
Gold:   402        SH:  0    Dex: 17    Spells: 8/22 levels left

rFire    . . .     SeeInvis +   a - +1 dagger (venom)
rCold    + . .     Gourm    .   (no shield)
rNeg     . . .     Faith    .   L - +2 robe {rC+}
rPois    .         Spirit   .   (helmet restricted)
rElec    .         Reflect  .   v - +2 cloak
rCorr    .         Harm     .   (no gloves)
MR       +....                  (no boots)
Stlth    ++++......             t - amulet of regeneration
HPRegen  0.59/turn              s - ring of protection from magic
MPRegen  0.16/turn              I - ring of see invisible

@: no status effects
A: antennae 2, icy blue scales 2, rot immunity
a: Receive Corpses, Renounce Religion


You were on level 8 of the Dungeon.
You worshipped Kikubaaqudgha.
Kikubaaqudgha was aware of your devotion.
You were not hungry.

You visited 2 branches of the dungeon, and saw 9 of its levels.

You collected 501 gold pieces.
You spent 99 gold pieces at shops.

Inventory:

Hand Weapons
 a - a +1 dagger of venom (weapon)
 f - a +0 spear
 y - a +1 trident of flaming
 D - a +0 long sword
Missiles
 m - 6 tomahawks (quivered)
 F - 36 poisoned needles
Armour
 v - a +2 cloak (worn)
 C - a +0 large shield
 K - a +3 leather armour
 L - a +2 robe of cold resistance (worn)
Jewellery
 s - a ring of protection from magic (left hand)
 t - an amulet of regeneration (around neck)
 I - a ring of see invisible (right hand)
Wands
 w - a wand of digging (12)
 G - a wand of flame (22)
Scrolls
 e - 3 scrolls of amnesia {unknown}
 j - 2 scrolls of enchant weapon {unknown}
 k - 2 scrolls of fog {unknown}
 n - a scroll of blinking {unknown}
 o - 2 scrolls of fear {unknown}
 q - 2 scrolls of magic mapping {unknown}
 r - 4 scrolls of remove curse
 u - a scroll of noise {unknown}
 x - 2 scrolls of enchant armour {unknown}
 B - a scroll of teleportation {unknown}
 E - a scroll of brand weapon {unknown}
 H - 2 scrolls of random uselessness {unknown}
Potions
 b - a potion of resistance
 d - 2 potions of berserk rage {!q}
 g - a potion of invisibility {unknown}
 h - a potion of mutation {!q}
 i - 4 potions of curing {unknown}
 l - 2 potions of flight
 p - 2 potions of lignification {unknown}
 z - 2 potions of heal wounds
 A - a potion of might
Comestibles
 c - 13 rations
 J - 7 chunks of flesh


   Skills:
 - Level 1.7 Dodging
 + Level 7.6 Stealth
 + Level 7.1 Spellcasting
 - Level 3.0 Charms
 + Level 9.3 Necromancy
 - Level 3.0 Translocations


You had 8 spell levels left.
You knew the following spells:

 Your Spells              Type           Power        Failure   Level  Hunger
a - Pain                  Necr           ####         1%          1    None
b - Vampiric Draining     Necr           #####.....   1%          3    ##.....
e - Blink                 Tloc           N/A          4%          2    None
r - Regeneration          Chrm/Necr      ####......   2%          3    ##.....
x - Animate Skeleton      Necr           N/A          1%          1    None
A - Animate Dead          Necr           N/A          2%          4    ####...

Your spell library contained the following spells:

 Spells                   Type           Power        Failure   Level  Hunger
 Magic Dart               Conj           #...         12%         1    None
 Conjure Flame            Conj/Fire      #.......     34%         3    ##.....
 Slow                     Hex            #.......     17%         2    None
 Mephitic Cloud           Conj/Pois/Air  #.......     34%         3    ##.....
 Call Imp                 Summ           #.......     17%         2    None
 Sublimation of Blood     Necr           #####.....   1%          2    None


Dungeon Overview and Level Annotations

Branches:
Dungeon (8/15)             Temple (1/1) D:7
   Lair: D:8-11

Altars:
Ashenzari
Cheibriados
Dithmenos
Elyvilon
Fedhas
Gozag
Hepliaklqana
Kikubaaqudgha
Makhleb
Nemelex Xobeh
Okawaru
Qazlal
Ru
Sif Muna
Trog
Uskayaw
Vehumet
Wu Jian
Xom
Zin
The Shining One

Shops:
D:7 [

Annotations:
D:8 Grum


Innate Abilities, Weirdness & Mutations

You have a pair of antennae on your head.
You are mostly covered in icy blue scales. (AC +3)
You are immune to rotting.


Message History

Press: ? - help, Shift-Dir - straight line, f/p - Grum
Aim: Grum, wielding a spear and wearing an animal skin (heavily wounded) Grum is heavily wounded.
You feel life coursing into your body.
You are no longer corroded.
Your centaur skeleton hits Grum.
Grum misses you.
Your centaur skeleton hits Grum.
Casting: Vampiric Draining (safe; 1% risk of failure)
Confirm with . or Enter, or press ? or * to list all spells.
Okay, then.
Okay, then.
Casting: Vampiric Draining (safe; 1% risk of failure)
Confirm with . or Enter, or press ? or * to list all spells.
Aiming: Vampiric Draining (safe; 1% risk of failure)
Press: ? - help, Shift-Dir - straight line, f/p - Grum
Aim: Grum, wielding a spear and wearing an animal skin (severely wounded) Grum is almost dead.
You feel life coursing into your body. Grum hits you with a spear!
You die...
Kikubaaqudgha rasps: "You have failed me!
Welcome... death!"

#...............................
##.#..#...##.#########...##....#
###########.####...##...##...<#
#..............#......
#..............#.....#
#>.............#.....#
####.########+## ....+
#.####Z##.####...
#......g@$........
#.................
#...........(.....
#..$..............
#......./.........
#.................
##################


You could see Grum and a friendly centaur skeleton.

Vanquished Creatures
  Maurice (D:8)
  Sigmund (D:6)
  A wyvern (D:8)
  A water moccasin (D:5)
  An ice beast (D:8)
  2 sky beasts
  3 centaurs
  A wolf (D:8)
  A phantom (D:4)
  2 ogres
  A bullfrog (D:7)
  A scorpion (D:5)
  5 killer bees
  3 howler monkeys (D:7)
  6 crimson imps
  A bullfrog zombie (D:6)
  A quasit (D:7)
  3 orc priests
  A gnoll shaman (D:6)
  A hound (D:8)
  A jelly (D:8)
  4 orc wizards
  5 worker ants
  3 iguanas
  A hound skeleton (D:2)
  7 gnolls
  11 adders
  A shadow imp (D:8)
  An adder zombie (D:5)
  3 worms
  2 dart slugs
  5 leopard geckos
  19 orcs
  8 bats
  7 giant cockroaches
  9 goblins
  4 hobgoblins
  6 jackals
  4 quokkas
  A ball python (D:3)
  5 frilled lizards
  8 kobolds
  A leopard gecko zombie (D:5)
  A quokka skeleton (D:4)
  3 rats
157 creatures vanquished.

Vanquished Creatures (collateral kills)
  A hungry ghost (D:7)
  A necrophage (D:8)
  A wolf (D:8)
  A bullfrog (D:7)
  A jelly (D:8)
  2 killer bees
  2 orc wizards (D:7)
  Ijyb (D:4)
  An adder (D:2)
  2 orcs
  A giant cockroach (D:8)
  2 goblins (D:2)
  A frilled lizard (D:2)
  A kobold (D:3)
  A rat (D:3)
19 creatures vanquished.

Grand Total: 176 creatures vanquished

Notes
Turn   | Place    | Note
-------+----------+-------------------------------------------
     0 | D:1      | mopl the Demonspawn Necromancer began the quest for the Orb.
     0 | D:1      | Reached XP level 1. HP: 13/13 MP: 3/3
     2 | D:1      | Learned a level 1 spell: Animate Skeleton
    78 | D:1      | Reached skill level 2 in Stealth
   188 | D:1      | Gained mutation: You are partially covered in icy blue scales. (AC +2) [demonic ancestry]
   188 | D:1      | Reached XP level 2. HP: 19/19 MP: 3/5
   919 | D:2      | Gained mutation: You are immune to rotting. [demonic ancestry]
   919 | D:2      | Reached XP level 3. HP: 20/24 MP: 2/6
  1032 | D:2      | Reached skill level 5 in Necromancy
  1069 | D:2      | Reached XP level 4. HP: 24/30 MP: 8/8
  1114 | D:2      | Learned a level 3 spell: Vampiric Draining
  1540 | D:3      | Reached skill level 3 in Spellcasting
  1564 | D:2      | Reached skill level 3 in Stealth
  1686 | D:3      | Learned a level 3 spell: Regeneration
  1716 | D:2      | Gained mutation: You have a pair of small antennae on your head. [demonic ancestry]
  1716 | D:2      | Reached XP level 5. HP: 11/35 MP: 1/9
  2550 | D:4      | Noticed a phantom
  2674 | D:4      | Reached skill level 1 in Charms
  2768 | D:4      | Noticed Ijyb
  2782 | D:4      | Killed Ijyb
  2809 | D:4      | Killed a phantom
  2809 | D:4      | Gained mutation: You have a pair of antennae on your head. [demonic ancestry]
  2809 | D:4      | Reached XP level 6. HP: 41/41 MP: 11/11
  3300 | D:5      | Entered Level 5 of the Dungeon
  3310 | D:5      | Noticed a water moccasin
  3320 | D:5      | Killed a water moccasin
  3320 | D:5      | Reached skill level 4 in Stealth
  3320 | D:5      | Reached skill level 4 in Spellcasting
  3320 | D:5      | Reached skill level 2 in Charms
  3320 | D:5      | Reached skill level 6 in Necromancy
  3416 | D:5      | Reached XP level 7. HP: 43/46 MP: 11/13
  3667 | D:5      | Reached skill level 3 in Charms
  4188 | D:6      | Reached skill level 5 in Stealth
  4221 | D:6      | Reached skill level 7 in Necromancy
  4221 | D:6      | Gained mutation: You are mostly covered in icy blue scales. (AC +3) [demonic ancestry]
  4221 | D:6      | Reached XP level 8. HP: 50/52 MP: 11/15
  4231 | D:6      | Found a hide-covered altar of Uskayaw.
  4358 | D:6      | Reached skill level 5 in Spellcasting
  4629 | D:6      | Noticed Sigmund
  4638 | D:6      | Killed Sigmund
  4800 | D:7      | Reached skill level 6 in Stealth
  4836 | D:7      | Found a staircase to the Ecumenical Temple.
  4840 | D:7      | Reached skill level 8 in Necromancy
  4865 | Temple   | Entered the Ecumenical Temple
  5018 | Temple   | Became a worshipper of Kikubaaqudgha
  5090 | D:7      | Reached skill level 6 in Spellcasting
  5199 | D:7      | Found Lueciva's Antique Armour Shop.
  5235 | D:7      | Bought an embroidered robe for 99 gold pieces
  5252 | D:7      | Learned a level 2 spell: Blink
  5344 | D:7      | Reached XP level 9. HP: 57/57 MP: 18/18
  5369 | D:7      | Found a shattered altar of Ashenzari.
  5508 | D:7      | Reached skill level 1 in Translocations
  5768 | D:8      | Reached * piety under Kikubaaqudgha
  5768 | D:8      | Identified Kikubaaqudgha's Volume of Sinister Arts (Kikubaaqudgha gifted it to you on level 8 of the Dungeon)
  5768 | D:8      | Received a gift from Kikubaaqudgha
  5779 | D:8      | Reached skill level 7 in Stealth
  5790 | D:8      | Reached skill level 2 in Translocations
  5849 | D:8      | Noticed Maurice
  5863 | D:8      | Learned a level 4 spell: Animate Dead
  5880 | D:8      | Killed Maurice
  5880 | D:8      | Reached skill level 9 in Necromancy
  5961 | D:8      | Reached skill level 3 in Translocations
  6055 | D:8      | Reached skill level 7 in Spellcasting
  6107 | D:8      | Found a glowing silver altar of Zin.
  6110 | D:8      | Found a blossoming altar of Fedhas.
  6113 | D:8      | Found an ornate altar of the Wu Jian Council.
  6116 | D:8      | Found a sparkling altar of Nemelex Xobeh.
  6254 | D:8      | Noticed Grum
  6272 | D:8      | Slain by Grum

Skill      XL: |  1  2  3  4  5  6  7  8  9 |
---------------+----------------------------+-----
Stealth        | 2 3 4 5 6 7 |  7.6
Necromancy     | 5 6 7 8 9 |  9.3
Spellcasting   | 3 4 6 7 |  7.1
Charms         | 1 2 3 |  3.0
Translocations | 3 |  3.0
Dodging        | |  1.7

Action                   |  1- 3 |  4- 6 |  7- 9 || total
-------------------------+-------+-------+-------++-------
Melee: Dagger            |    50 |   160 |   404 ||   614
       Spear             |     1 |     9 |       ||    10
 Cast: Pain              |    17 |    32 |    30 ||    79
       Animate Skeleton  |     8 |    18 |    20 ||    46
       Vampiric Draining |       |    13 |    41 ||    54
       Regeneration      |       |     1 |    10 ||    11
       Animate Dead      |       |       |     2 ||     2
Evoke: Wand              |       |       |     3 ||     3
  Use: Scroll            |       |       |     7 ||     7
 Stab: Sleeping          |     2 |     6 |     7 ||    15
       Distracted        |     1 |       |     1 ||     2
  Eat: Chunk             |     1 |     8 |    16 ||    25
Armor: Robe              |    19 |    45 |   143 ||   207
Dodge: Dodged            |    36 |   114 |   265 ||   415
